 Dungeon Crawl Stone Soup version 0.31.0-12-g77e489cdc1 (webtiles) character file.

Game seed: 17913838321982517018

388 Killerpretzel the Changeling (level 6, 0/42 HPs)
             Began as an Octopode Shapeshifter on Feb 24, 2024.
             Succumbed to a scorpion's poison
             ... on level 4 of the Dungeon.
             The game lasted 00:03:04 (2582 turns).

Killerpretzel the Changeling (OpSh)                 Turns: 2582, Time: 00:03:05

Health: 0/42       AC:  1    Str: 11 (13) XL:     6   Next: 79%
Magic:  6/6        EV: 13    Int: 16 (19) God:
Gold:   198        SH:  0    Dex: 11 (13) Spells: 5/5 levels left

rFire   . .          .
                       - Unarmed
rCold   . . .        (no shield)
rNeg    . . .        (helmet currently unavailable)
rPois   .            e - amulet of guardian spirit
rElec   .            d - ring of wizardry
rCorr   .            m - ring of flight
SInv    .            p - +6 ring of intelligence
Will    .....        (no ring)
Stlth   ++           (no ring)
HPRegen 0.27/turn    (no ring)
MPRegen 0.10/turn    (no ring)
                     (no ring)

%: guardian spirit, wizardry (x1)
@: lethally poisoned (0 -> -4), beast-form, attractive, flying
A: beast (slay +2), almost no armour, amphibious, 8 rings, camouflage 1,
gelatinous body 1, (nimble swimmer 1), tentacles
a: Begin Untransformation


You were on level 4 of the Dungeon.
You were a hulking beast.
You visited 1 branch of the dungeon, and saw 4 of its levels.

You collected 198 gold pieces.

Inventory:

Missiles
 q - 2 boomerangs (quivered)
Jewellery
 d - a ring of wizardry (left tentacle)
 e - an amulet of guardian spirit (around mantle)
 m - a ring of flight (right tentacle)
 p - a +6 ring of intelligence (on tentacle)
Talismans
 b - a beast talisman
 c - a flux talisman
Wands
 o - a wand of quicksilver (14)
Scrolls
 f - a scroll of immolation
 h - 2 scrolls of teleportation
 l - 2 scrolls of fog
 u - a scroll of noise
Potions
 a - a potion of lignification
 g - 2 potions of haste
 n - a potion of cancellation {unknown}
 r - a potion of curing {unknown}
 s - a potion of brilliance {unknown}


   Skills:
 + Level 3.0 Fighting
 + Level 3.5 Dodging
 + Level 4.2 Unarmed Combat
 * Level 4.9 Shapeshifting


You had 5 spell levels left.
You didn't know any spells.
Your spell library contained the following spells:

 Spells                   Type           Power      Damage    Failure   Level
 Sandblast                Erth           0%         2d4       11%         1
 Mercury Vapours          Alch/Air       0%         N/A       16%         2
 Inner Flame              Hex/Fire       0%         N/A       28%         3
 Mephitic Cloud           Conj/Alch/Air  0%         N/A       28%         3
 Passwall                 Erth           0%         N/A       28%         3
 Stone Arrow              Conj/Erth      0%         3d7       28%         3
 Brom's Barrelling Bould  Conj/Erth      0%         2d3       65%         4
 Freezing Cloud           Conj/Ice/Air   0%         6-21      93%         5
 Irradiate                Conj/Alch      0%         3d11      93%         5
 Ignition                 Fire           0%         3d3       100%        8


Dungeon Overview and Level Annotations

Branches:
Dungeon (4/15)
 Temple: D:4-7

Altars:
The Shining One


Innate Abilities, Weirdness & Mutations

You are a hulking beast.
Your limbs bulge with bestial killing power. (Slay +2)
You cannot wear most types of armour.
You are amphibious.
You can wear up to eight rings at the same time.
Your skin changes colour to match your surroundings (Stealth+).
Your rubbery body absorbs attacks. (AC +1, EV +1)
((You are camouflaged when in or above water. (Stealth+)))
You have tentacles for arms and can constrict up to eight enemies at once.


Message History

You tentacle-slap the scorpion. You squeeze the scorpion!
The scorpion is almost dead.
You constrict the scorpion, but do no damage.
* * * LOW HITPOINT WARNING * * *
You feel sick. The scorpion closely misses you. The scorpion barely misses you.
You tentacle-slap the scorpion but do no damage.
The scorpion is almost dead.
You constrict the scorpion.
* * * LOW HITPOINT WARNING * * *
You feel very sick. The scorpion misses you.
You tentacle-slap the scorpion.
You kill the scorpion!
* * * LOW HITPOINT WARNING * * *
You feel sick.
Your Fighting skill increases to level 3!
You are too injured to fight recklessly!
You are too injured to fight recklessly!
You are too injured to fight recklessly!
You are too injured to fight recklessly!
You are too injured to fight recklessly!
You are too injured to fight recklessly!
You are too injured to fight recklessly!
You are too injured to fight recklessly!
You are too injured to fight recklessly!
You are too injured to fight recklessly!
There is a lethal amount of poison in your body!
Okay, then.
Okay, then.
It was a potion of attraction.
You feel attractive to monsters.
* * * LOW HITPOINT WARNING * * *
You feel sick.
It was a potion of degeneration.
There was something very wrong with that liquid.
You feel weakened.
You feel dopey.
You feel clumsy.
* * * LOW HITPOINT WARNING * * *
You feel sick.
It was a potion of magic.
Magic courses through your body.
You die... #P. ## ^...#. ##P# P^..#) #.. ^^P^^^

#†###
......#####h†^#
#P..P.P.#.^####
#.......##
###P^.###
##..^##
###†.####
##†.†.##
####..#
############.#


There were no monsters in sight!

Vanquished Creatures
  4 scorpions (D:4)
  A bombardier beetle (D:3)
  5 adders
  3 dart slugs (D:1)
  A ribbon worm (D:2)
  An orc (D:4)
  4 ball pythons
  5 endoplasms
  4 giant cockroaches
  5 goblins
  4 hobgoblins
  8 jackals (D:2)
  6 kobolds
  A quokka (D:1)
  7 bats
  A frilled lizard (D:1)
  2 rats
62 creatures vanquished.

Notes
Turn   | Place    | Note
-------+----------+-------------------------------------------
     0 | D:1      | Killerpretzel the Octopode Shapeshifter began the quest for
                  | the Orb.
     0 | D:1      | Reached XP level 1. HP: 13/13 MP: 1/1
   108 | D:1      | Reached XP level 2. HP: 17/18 MP: 2/2
   407 | D:1      | Reached XP level 3. HP: 23/23 MP: 3/3
   947 | D:2      | Reached XP level 4. HP: 29/29 MP: 4/4
  1620 | D:3      | Reached XP level 5. HP: 14/34 MP: 1/5
  1810 | D:3      | Found a glowing golden altar of the Shining One.
  2353 | D:4      | Reached XP level 6. HP: 24/41 MP: 3/6
  2580 | D:4      | HP: 2/42 [poisoned by a scorpion]
  2582 | D:4      | Succumbed to a scorpion's poison

Illustrated notes

Levels and vault maps discovered:
D:1:      dpeg_arrival_shelter, layout_rooms
D:2:      layout_basic
D:3:      layout_loops_cross, mainiacjoe_overflow_alcove_2,
          minmay_misc_feat_rows
D:4:      old_forge, layout_basic, grunt_temple_overflow_cloverleaf,
          mainiacjoe_overflow_divided_tiny, serial_shops, shop_statue,
          nicolae_ossuary_entry_catacombs, st_stairs_13

Skill      XL: |  1  2  3  4  5  6 |
---------------+-------------------+-----
Fighting       | 2 3 |  3.0
Shapeshifting  | 4 |  4.9
Dodging        | 3 |  3.5
Unarmed Combat | 4 |  4.2

Action                     |  1- 3 |  4- 6 || total
---------------------------+-------+-------++-------
  Melee: Unarmed           |    64 |    70 ||   134
         Constrict         |    19 |    14 ||    33
         Tentacles         |    13 |    12 ||    25
         Punch             |     2 |     2 ||     4
    Use: Scroll            |     4 |     3 ||     7
         Potion            |       |     3 ||     3
   Stab: Sleeping          |     6 |     8 ||    14
 Armour: Skin              |    28 |    32 ||    60
  Dodge: Dodged            |    27 |    51 ||    78
